 Dungeon Sprint DCSS version 0.22-a0-542-gce4f928 (webtiles) character file.

136756 raistware the Impregnable (level 17, -37/273 HPs)
             Began as a Hill Orc Fighter on June 24, 2018.
             Was the Champion of the Shining One.
             Annihilated by Antaeus (55 damage)
             ... in the Dungeon (Sprint VII: "The Pits").
             The game lasted 01:05:09 (6217 turns).

raistware the Impregnable (Hill Orc Fighter)        Turns: 6217, Time: 01:05:10

Health: -37/273    AC: 33    Str: 33    XL:     17   Next: 22%
Magic:  23/42      EV: 20    Int:  8    God:    the Shining One [******]
Gold:   5          SH: 23    Dex: 11    Spells: 39/41 levels left

rFire    + . .     SeeInvis .   q - +7 eudemon blade (holy)
rCold    + . .     Gourm    .   c - +0 shield
rNeg     + + +     Faith    .   x - +9 plate armour "Dilor" {Dex-4 Slay+5}
rPois    +         Spirit   .   (no helmet)
rElec    +         Reflect  +   G - +1 cloak {rPois}
rCorr    .         Harm     .   (no gloves)
MR       +....     NoTele   +   (no boots)
Stlth    ..........             R - amulet "Maekhauj" {Reflect Dex+3 SH+4}
HPRegen  0.55/turn              X - ring of Liasmenn {rF+ rC+ Dex+2 Stlth+}
MPRegen  0.28/turn              T - ring of Jebboyno {rElec MP+9 Slay+5 Stlth+}

@: berserking (expiring), glowing, very quick
A: repulsion field 1, large bone plates 1, strong 1, sturdy frame 1
a: Divine Shield, Cleansing Flame, Summon Divine Warrior, Renounce Religion


You were in the Dungeon.
You worshipped the Shining One.
The Shining One was exalted by your worship.
You were hungry.

You visited 1 branch You collected 5 gold pieces.

Inventory:

Hand Weapons
 q - a +7 eudemon blade of holy wrath (weapon)
 y - a +2 scimitar of holy wrath
 z - a +2 morningstar of crushing
 B - the +9 long sword of Callousness {freeze, rC+}
   (You found it in the Dungeon)

   It has been specially enchanted to freeze those struck by it, causing extra
   injury to most foes and up to half again as much damage against particularly
   susceptible opponents.
   It can also slow down cold-blooded creatures.
   It protects you from cold.
 C - the +5 dagger "Newtbane" {pierce, rElec Str+4 Dex-5}
   (You found it in the Dungeon)

   It inflicts extra damage upon your enemies.
   It affects your strength (+4).
   It affects your dexterity (-5).
   It insulates you from electricity.
Missiles
 b - 15 poisoned javelins (quivered)
 H - 15 steel javelins
Armour
 c - a +0 shield (worn)
 r - +0 gold dragon scales
 x - the +9 plate armour "Dilor" (worn) {Dex-4 Slay+5}
   (You found it in the Dungeon)

   It affects your dexterity (-4).
   It affects your accuracy and damage with ranged weapons and melee attacks
   (+5).
 F - the +2 cloak of Slovenliness {rC+ Str+7 Int-5}
   (You found it in the Dungeon)

   It affects your strength (+7).
   It affects your intelligence (-5).
   It protects you from cold.
 G - a +1 cloak of poison resistance (worn)
Jewellery
 h - a +3 ring of protection
 v - a +3 ring of dexterity
 E - an uncursed ring of fire
 I - the ring "Ijorph" {+Fly MR++ Int+2}
   (You found it in the Dungeon)

   [ring of flight]

   It affects your intelligence (+2).
   It affects your resistance to hostile enchantments.
   It lets you fly.
 J - the ring of Jasor {Slay+5 Stlth+}
   (You found it in the Dungeon)

   [ring of slaying]

   It affects your accuracy and damage with ranged weapons and melee attacks
   (+5).
   It makes you more stealthy.
 M - the ring of Impatience {AC+6 Int+4}
   (You found it in the Dungeon)

   [ring of protection]

   It affects your AC (+6).
   It affects your intelligence (+4).
 N - the ring "Quafaoc" {-Tele rF++ SInv}
   (You found it in the Dungeon)

   [ring of see invisible]

   It greatly protects you from fire.
   It lets you see invisible.
   It prevents most forms of teleportation.
 O - the amulet of Sifaudiy {rElec rN+++ Regen+ MP+9 Dex-5}
   (You found it in the Dungeon)

   [amulet of regeneration]

   It affects your dexterity (-5).
   It insulates you from electricity.
   It renders you almost immune to negative energy.
   It affects your magic capacity (+9).
   It increases your rate of regeneration.
 P - the ring "Docemocs" {+Blink rF++ rN+ Str+2 Int-2}
   (You found it in the Dungeon)

   [ring of positive energy]

   It affects your strength (+2).
   It affects your intelligence (-2).
   It greatly protects you from fire.
   It protects you from negative energy.
   It lets you blink.
 R - the amulet "Maekhauj" (around neck) {Reflect Dex+3 SH+4}
   (You found it in the Dungeon)

   [amulet of reflection]

   It shields you and reflects attacks.
   It affects your dexterity (+3).
   It affects your SH (+4).
 S - the ring of Joy {+Blink rF+ rC+ MP+9}
   (You found it in the Dungeon)

   [ring of protection from cold]

   It protects you from fire.
   It protects you from cold.
   It affects your magic capacity (+9).
   It lets you blink.
 T - the ring of Jebboyno (right hand) {rElec MP+9 Slay+5 Stlth+}
   (You found it in the Dungeon)

   [ring of slaying]

   It affects your accuracy and damage with ranged weapons and melee attacks
   (+5).
   It insulates you from electricity.
   It affects your magic capacity (+9).
   It makes you more stealthy.
 V - the amulet of Ruitwaink {Spirit MR- Str+8 Dex+5}
   (You found it in the Dungeon)

   [amulet of guardian spirit]

   It causes incoming damage to be split between your health and magic.
   It affects your strength (+8).
   It affects your dexterity (+5).
   It affects your resistance to hostile enchantments.
 W - the ring of Ivyekh {rF+++ MR+ Str-4 Slay+5 SInv}
   (You found it in the Dungeon)

   [ring of slaying]

   It affects your strength (-4).
   It affects your accuracy and damage with ranged weapons and melee attacks
   (+5).
   It renders you almost immune to fire.
   It affects your resistance to hostile enchantments.
   It lets you see invisible.
 X - the ring of Liasmenn (left hand) {rF+ rC+ Dex+2 Stlth+}
   (You found it in the Dungeon)

   [ring of protection from cold]

   It affects your dexterity (+2).
   It protects you from fire.
   It protects you from cold.
   It makes you more stealthy.
 Y - the ring "Xuol" {rElec Dex-3 Slay+5 Stlth+}
   (You found it in the Dungeon)

   [ring of slaying]

   It affects your dexterity (-3).
   It affects your accuracy and damage with ranged weapons and melee attacks
   (+5).
   It insulates you from electricity.
   It makes you more stealthy.
Wands
 w - a wand of polymorph (7)
 D - a wand of scattershot (6)
Scrolls
 k - 2 scrolls of blinking
 m - 5 scrolls of remove curse
 n - 5 scrolls of amnesia
 p - 2 scrolls of vulnerability
 A - a scroll of fog
Potions
 a - 2 potions of invisibility
 d - 4 potions of mutation
 e - a potion of lignification
 i - a potion of magic
 j - a potion of berserk rage
 s - 2 potions of agility
 t - 3 potions of haste
Miscellaneous
 K - a box of beasts
Comestibles
 f - 17 rations


   Skills:
 + Level 24.0 Fighting
 - Level 14.1 Long Blades
 - Level 14.0 Maces & Flails
 + Level 14.7 Throwing
 + Level 25.0 Armour
 + Level 18.3 Dodging
 - Level 15.0 Shields
 + Level 12.7 Spellcasting
 + Level 0.0 Charms
 + Level 0.0 Air Magic
 - Level 20.1 Invocations


You had 39 spell levels left.
You knew the following spells:

 Your Spells              Type           Power        Failure   Level  Hunger
a - Swiftness             Chrm/Air       #.......     36%         2    None

Your spell library contained the following spells:

 Spells                   Type           Power        Failure   Level  Hunger
 Cause Fear               Hex            #.........   95%         4    ####...
 Magic Dart               Conj           #...         26%         1    None
 Conjure Flame            Conj/Fire      #.......     61%         3    ##.....
 Bolt of Fire             Conj/Fire      #.........   100%        6    #######
 Bolt of Cold             Conj/Ice       #.........   100%        6    #######
 Slow                     Hex            #.......     36%         2    None
 Confuse                  Hex            #.......     61%         3    ##.....
 Mephitic Cloud           Conj/Pois/Air  #.......     61%         3    ##.....
 Venom Bolt               Conj/Pois      #.........   100%        5    #####..
 Olgreb's Toxic Radiance  Pois           #.......     95%         4    ####...
 Teleport Other           Tloc           #.......     61%         3    ##.....
 Blink                    Tloc           N/A          36%         2    None
 Summon Horrible Things   Summ           #.........   100%        8    #######
 Pain                     Necr           #...         26%         1    None
 Freeze                   Ice            #...         26%         1    None
 Ozocubu's Armour         Chrm/Ice       #.......     61%         3    ##.....
 Call Imp                 Summ           #.......     36%         2    None
 Dispel Undead            Necr           #.......     100%        5    #####..
 Regeneration             Chrm/Necr      #.........   61%         3    ##.....
 Sting                    Conj/Pois      #...         26%         1    None
 Sublimation of Blood     Necr           #.........   36%         2    None
 Summon Greater Demon     Summ           #.........   100%        7    #######
 Corpse Rot               Necr           N/A          36%         2    None
 Stone Arrow              Conj/Erth      #.....       61%         3    ##.....
 Ice Form                 Ice/Tmut       #.......     95%         4    ####...
 Dragon Form              Tmut           #.........   100%        7    #######
 Death Channel            Necr           #.........   100%        6    #######
 Confusing Touch          Hex            #.....       26%         1    None
 Flame Tongue             Conj/Fire      #....        26%         1    None
 Ignite Poison            Fire/Tmut/Pois #.......     61%         3    ##.....
 Ensorcelled Hibernation  Hex/Ice        #.....       36%         2    None
 Metabolic Englaciation   Hex/Ice        #.........   100%        5    #####..
 Silence                  Hex/Air        #.........   100%        5    #####..
 Corona                   Hex            #......      26%         1    None
 Alistair's Intoxication  Tmut/Pois      #.......     100%        5    #####..
 Conjure Ball Lightning   Conj/Air       #.........   100%        6    #######
 Portal Projectile        Hex/Tloc       #.....       61%         3    ##.....
 Monstrous Menagerie      Summ           #.........   100%        7    #######
 Petrify                  Tmut/Erth      #.......     95%         4    ####...
 Passage of Golubria      Tloc           N/A          95%         4    ####...
 Malign Gateway           Summ/Tloc      #.........   100%        7    #######
 Tornado                  Air            #.........   100%        9    #######
 Leda's Liquefaction      Hex/Erth       #.........   95%         4    ####...
 Summon Hydra             Summ           #.........   100%        7    #######
 Shroud of Golubria       Chrm/Tloc      #.........   36%         2    None
 Inner Flame              Hex/Fire       #.......     61%         3    ##.....
 Disjunction              Tloc           #.........   100%        8    #######
 Dazzling Spray           Conj/Hex       #.....       61%         3    ##.....
 Discord                  Hex            #.........   100%        8    #######
 Summon Forest            Summ/Tloc      #.........   100%        5    #####..
 Dragon's Call            Summ           #.........   100%        9    #######
 Hydra Form               Tmut           #.........   100%        6    #######
 Irradiate                Conj/Tmut      #.........   100%        5    #####..
 Gell's Gravitas          Tloc           #.........   61%         3    ##.....
 Poisonous Vapours        Pois/Air       #.....       36%         2    None


Dungeon Overview and Level Annotations

Branches:
Dungeon (1/1)

Altars:
Ashenzari
Cheibriados
Dithmenos
Elyvilon
Fedhas
Gozag
Hepliaklqana
Kikubaaqudgha
Makhleb
Nemelex Xobeh
Okawaru
Qazlal
Ru
Sif Muna
Trog
Uskayaw
Vehumet
Wu Jian
Xom
Yredelemnul
Zin
The Shining One
Beogh
Jiyva
Lugonu

Annotations:
D Antaeus


Innate Abilities, Weirdness & Mutations

You are surrounded by a mild repulsion field. (EV +2)
You are partially covered in large bone plates. (SH +4)
Your muscles are strong. (Str +2)
Your movements are slightly less encumbered by armour. (ER -2)


Message History

You feel yourself moving faster!
You feel mighty!
Your daeva calls down the wrath of the Shining One upon Antaeus.
Antaeus is smitten.
Your daeva blocks Antaeus's attack. x2
Your daeva hits Antaeus with a scimitar of holy wrath.
Antaeus convulses.
Your daeva hits Antaeus but does no damage.
Unknown command.
You feel a strong urge to attack something.
Something hits your daeva!!!
Your daeva dies!
Unknown command.
You feel your anger nearly subside.
You slash Antaeus!
Antaeus convulses.
Antaeus is lightly wounded.
You hit Antaeus but do no damage.
Antaeus is lightly wounded.
You slice Antaeus!!
Antaeus convulses.
Antaeus is moderately wounded.
Antaeus hits you!!!
You die...

#########....................##)#
______.##....................##.)
______.###########''###########.#
____...###########''###########.+
######'##................##..##.#
.')))'.##......#..#......##..##..
######.##................''..####
).))....'......C.........''..####
###)#####......#@.#...)))##..)...
.#...'.##.......A........##......
.#...#.#####'#####''#############
.#####.##.......##)'#############
.'...#.##.......##..#............
.'...†.##.......##..##.....).....
.########...<...##..####...#)####
.'..)..##.......##..#..#####.##..
.#[))).##.......##..#....##...#..


You could see Antaeus and a friendly daeva.

Vanquished Creatures
  An orb of fire (D)
  An ancient lich (D)
  A profane servitor (D)
  5 golden dragons (D)
  A Brimstone Fiend (D)
  A Tzitzimitl (D)
  A deep elf blademaster (D)
  2 quicksilver dragons (D)
  An Ice Fiend (D)
  A lich (D)
  A death cob (D)
  4 shadow dragons (D)
  Ilsuiw (D)
  A storm dragon (D)
  A deep elf sorcerer (D)
  An iron dragon (D)
  An emperor scorpion (D)
  A balrug (D)
  An angel (D)
  A war gargoyle (D)
  An orc warlord (D)
  2 green draconians (D)
  2 deep elf demonologists (D)
  2 yellow draconians (D)
  A white draconian (D)
  An eidolon (D)
  A deep elf death mage (D)
  6 fire dragons (D)
  A hell beast (D)
  5 hydras (D)
  3 ice dragons (D)
  A vault guard (D)
  A merfolk avatar (D)
  A naga warrior (D)
  A centaur warrior (D)
  An ogre mage (D)
  An anaconda (D)
  A merfolk aquamancer (D)
  A two-headed ogre (D)
  3 deep elf knights (D)
  4 hell knights (D)
  A shadow wraith (D)
  A cherub (D)
  A fire crab (D)
  A flayed ghost (D)
  2 spriggan druids (D)
  A swamp dragon (D)
  A wizard (D)
  5 harpies (D)
  3 orc knights (D)
  A necromancer (D)
  A deep elf mage (D)
  An orc sorcerer (D)
  A merfolk siren (D)
  A guardian serpent (D)
  A demonic crawler (D)
  2 kobold demonologists (D)
  A komodo dragon (D)
  An ice devil (D)
  4 merfolk (D)
  A troll (D)
  A slime creature (D)
  A hippogriff (D)
  A bog body (D)
  A wandering mushroom (D)
  A water elemental (D)
  An air elemental (D)
  A small abomination (D)
  2 vampire mosquitoes (D)
  2 insubstantial wisps (D)
  2 wargs (D)
  An acid dragon (D)
  4 floating eyes (D)
  A porcupine (D)
  5 orc warriors (D)
  An eye of draining (D)
  4 wolves (D)
  A big kobold (D)
  A scorpion (D)
  A killer bee (D)
  A quasit (D)
  An iguana (D)
  2 worker ants (D)
  3 river rats (D)
  2 adders (D)
  An ooze (D)
  3 adder zombies (D)
  A leopard gecko (D)
  5 orcs (D)
  A bat skeleton (D)
  A giant cockroach (D)
  A goblin (D)
  A quokka (D)
  2 ball pythons (D)
  A bat simulacrum (D)
  A frilled lizard (D)
  7 kobolds (D)
  A leopard gecko zombie (D)
  A rat (D)
  A crawling corpse (D)
168 creatures vanquished.

Vanquished Creatures (collateral kills)
  A Killer Klown (D)
  A golden dragon (D)
  A Tzitzimitl (D)
  A lich (D)
  An Ice Fiend (D)
  An acid blob (D)
  2 deep elf master archers (D)
  Frances (D)
  A deep elf sorcerer (D)
  A nagaraja (D)
  A fire giant (D)
  A ghost moth (D)
  An iron dragon (D)
  2 orc warlords (D)
  A balrug (D)
  2 emperor scorpions (D)
  2 deep elf annihilators (D)
  A deep elf demonologist (D)
  2 yellow draconians (D)
  A black draconian (D)
  A minotaur (D)
  2 red draconians (D)
  A white draconian (D)
  A merfolk javelineer (D)
  2 fire dragons (D)
  2 ice dragons (D)
  2 yaktaur captains (D)
  A deep elf high priest (D)
  2 great orbs of eyes (D)
  A vault guard (D)
  5 hydras (D)
  A catoblepas (D)
  A death knight (D)
  5 death yaks (D)
  A vampire mage (D)
  2 deep elf knights (D)
  5 skeletal warriors (D)
  An iron troll (D)
  4 hell knights (D)
  A swamp dragon (D)
  9 orc knights (D)
  3 necromancers (D)
  An orc sorcerer (D)
  A wolf spider (D)
  A manticore (D)
  2 molten gargoyles (D)
  An eye of devastation (D)
  A spiny frog (D)
  2 yaktaurs (D)
  A komodo dragon (D)
  A jumping spider (D)
  2 hellwings (D)
  3 ice devils (D)
  A troll (D)
  A polar bear (D)
  A wind drake (D)
  A wandering mushroom (D)
  3 slime creatures (D)
  A snapping turtle (D)
  A hippogriff (D)
  A redback (D)
  A vampire (D)
  A basilisk (D)
  3 vampire mosquitoes (D)
  A chaos spawn (D)
  A neqoxec (D)
  2 small abominations (D)
  Grum (D)
  2 steam dragons (D)
  3 insubstantial wisps (D)
  A warg (D)
  A floating eye (D)
  A soldier ant (D)
  A swamp drake (D)
  An orc warrior (D)
  A sky beast (D)
  6 wolves (D)
  A centaur (D)
  An orc wizard (D)
  2 orc priests (D)
  A gnoll (D)
  A frilled lizard (D)
  A leopard gecko skeleton (D)
  A rat (D)
139 creatures vanquished.

Vanquished Creatures (others)
  A worm (D)
  A bat simulacrum (D)
  A crawling corpse (D)
3 creatures vanquished.

Grand Total: 310 creatures vanquished

Notes
Turn   | Place    | Note
-------+----------+-------------------------------------------
     0 | D        | raistware the Hill Orc Fighter began the quest for the Orb.
     0 | D        | Reached XP level 1. HP: 19/19 MP: 1/1
    14 | D        | Reached skill level 5 in Long Blades
    14 | D        | Reached XP level 2. HP: 17/26 MP: 2/2
    45 | D        | Found a glowing golden altar of the Shining One.
    45 | D        | Found a glowing silver altar of Zin.
    45 | D        | Found a basalt altar of Yredelemnul.
    45 | D        | Found a shimmering altar of Xom.
    45 | D        | Found an ornate altar of the Wu Jian Council.
    45 | D        | Found a bloodstained altar of Trog.
    45 | D        | Found a deep blue altar of Sif Muna.
    45 | D        | Found a sacrificial altar of Ru.
    45 | D        | Found a stormy altar of Qazlal.
    45 | D        | Found an iron altar of Okawaru.
    45 | D        | Found a sparkling altar of Nemelex Xobeh.
    45 | D        | Found a burning altar of Makhleb.
    45 | D        | Found a viscous altar of Jiyva.
    45 | D        | Found a hazy altar of Hepliaklqana.
    45 | D        | Found an opulent altar of Gozag.
    45 | D        | Found a blossoming altar of Fedhas.
    45 | D        | Found a white marble altar of Elyvilon.
    45 | D        | Found a shadowy altar of Dithmenos.
    45 | D        | Found a snail-covered altar of Cheibriados.
    46 | D        | Found a radiant altar of Vehumet.
    46 | D        | Found a corrupted altar of Lugonu.
    46 | D        | Found a roughly hewn altar of Beogh.
    47 | D        | Found an ancient bone altar of Kikubaaqudgha.
    47 | D        | Found a hide-covered altar of Uskayaw.
    47 | D        | Found a shattered altar of Ashenzari.
    51 | D        | Became a worshipper of the Shining One
    59 | D        | Noticed a floating eye
    61 | D        | Paralysed by a floating eye for 3 turns
    64 | D        | Killed a floating eye
    64 | D        | Reached skill level 10 in Long Blades
    64 | D        | Reached XP level 3. HP: 25/31 MP: 3/3
    64 | D        | Reached XP level 4. HP: 32/39 MP: 4/4
    83 | D        | Reached XP level 5. HP: 35/45 MP: 5/5
   147 | D        | Reached * piety under the Shining One
   155 | D        | Noticed a floating eye
   160 | D        | Paralysed by a floating eye for 3 turns
   165 | D        | Killed a floating eye
   165 | D        | Reached skill level 7 in Armour
   165 | D        | Reached XP level 6. HP: 46/51 MP: 6/6
   168 | D        | Reached skill level 8 in Armour
   247 | D        | Reached ** piety under the Shining One
   284 | D        | Noticed a floating eye
   286 | D        | Killed a floating eye
   286 | D        | Reached skill level 9 in Armour
   294 | D        | Reached XP level 7. HP: 39/57 MP: 7/7
   388 | D        | Reached *** piety under the Shining One
   388 | D        | Noticed a vampire mosquito
   388 | D        | Noticed a vampire mosquito
   388 | D        | Reached **** piety under the Shining One
   388 | D        | Noticed a warg
   399 | D        | Killed a vampire mosquito
   399 | D        | Reached skill level 10 in Armour
   402 | D        | Killed a warg
   402 | D        | Reached skill level 11 in Armour
   405 | D        | Killed a vampire mosquito
   405 | D        | Reached ***** piety under the Shining One
   413 | D        | Noticed an orc knight
   463 | D        | Killed an orc knight
   463 | D        | Reached skill level 13 in Armour
   463 | D        | Reached XP level 8. HP: 22/64 MP: 8/8
   467 | D        | Reached skill level 1 in Maces & Flails
   467 | D        | Reached skill level 1 in Invocations
   480 | D        | Reached skill level 1 in Dodging
   784 | D        | Noticed a bog body
   784 | D        | Noticed an orc sorcerer
   791 | D        | Noticed a hellwing
   795 | D        | Noticed an ice devil
   797 | D        | Killed an orc sorcerer
   797 | D        | Reached skill level 14 in Armour
   797 | D        | Reached skill level 5 in Shields
   797 | D        | Reached XP level 9. HP: 39/70 MP: 10/12
   809 | D        | Reached skill level 5 in Invocations
   821 | D        | Reached ****** piety under the Shining One
   821 | D        | Noticed a necromancer
   822 | D        | Noticed an ice devil
   837 | D        | Killed a necromancer
   837 | D        | Reached skill level 5 in Maces & Flails
   844 | D        | Killed an ice devil
   845 | D        | Reached skill level 5 in Fighting
   846 | D        | Noticed a spiny frog
   851 | D        | Killed a spiny frog
   870 | D        | Noticed a guardian serpent
   870 | D        | Noticed a manticore
   874 | D        | Killed a guardian serpent
   877 | D        | Killed a manticore
   877 | D        | Reached XP level 10. HP: 62/83 MP: 9/15
   900 | D        | Reached skill level 5 in Dodging
   907 | D        | Noticed an orc knight
   908 | D        | Reached skill level 15 in Armour
   917 | D        | Killed an orc knight
   947 | D        | Noticed Grum
   947 | D        | Noticed a molten gargoyle
   960 | D        | Killed Grum
   961 | D        | Killed a molten gargoyle
   994 | D        | Noticed an orc sorcerer
  1000 | D        | Killed an orc sorcerer
  1195 | D        | Noticed an orc knight
  1206 | D        | Reached skill level 10 in Invocations
  1231 | D        | Killed an orc knight
  1231 | D        | Reached XP level 11. HP: 71/95 MP: 6/18
  1338 | D        | Got the +9 long sword of Callousness {freeze, rC+}
  1341 | D        | Got the +5 dagger "Newtbane" {pierce, rElec Str+4 Dex-5}
  1484 | D        | Reached skill level 10 in Shields
  1644 | D        | Paralysed by a floating eye for 4 turns
  1656 | D        | Noticed a minotaur
  1656 | D        | Noticed a two-headed ogre
  1661 | D        | Killed a two-headed ogre
  1661 | D        | Reached skill level 10 in Fighting
  1661 | D        | Reached skill level 16 in Armour
  1671 | D        | Killed a minotaur
  1672 | D        | Noticed an orc knight
  1672 | D        | Noticed an orc knight
  1672 | D        | Noticed an orc knight
  1672 | D        | Noticed an orc knight
  1672 | D        | Noticed a skeletal warrior
  1673 | D        | Noticed an orc warlord
  1673 | D        | Noticed an orc warlord
  1675 | D        | Noticed a skeletal warrior
  1675 | D        | Noticed a skeletal warrior
  1677 | D        | Noticed a great orb of eyes
  1677 | D        | Noticed an orc knight
  1677 | D        | Noticed a deep elf knight
  1678 | D        | Noticed an orc knight
  1680 | D        | Noticed an orc knight
  1681 | D        | Noticed a skeletal warrior
  1682 | D        | Killed a skeletal warrior
  1685 | D        | Noticed a deep elf knight
  1704 | D        | Killed an orc knight
  1704 | D        | Reached skill level 10 in Maces & Flails
  1705 | D        | Killed an orc warlord
  1706 | D        | Killed an orc knight
  1708 | D        | Killed an orc warlord
  1714 | D        | Killed an orc knight
  1716 | D        | Killed a deep elf knight
  1719 | D        | Killed a skeletal warrior
  1720 | D        | Killed a great orb of eyes
  1720 | D        | Reached XP level 12. HP: 71/110 MP: 7/21
  1723 | D        | Killed a deep elf knight
  1740 | D        | Noticed a catoblepas
  1761 | D        | Killed a catoblepas
  1769 | D        | Reached skill level 17 in Armour
  1778 | D        | Noticed a deep elf knight
  1789 | D        | Killed a deep elf knight
  1909 | D        | Noticed a naga warrior
  1917 | D        | Killed a naga warrior
  1952 | D        | Noticed a deep elf knight
  1952 | D        | Noticed a vault guard
  1958 | D        | Killed a vault guard
  1962 | D        | Killed a deep elf knight
  2063 | D        | Noticed a deep elf knight
  2072 | D        | Killed a deep elf knight
  2095 | D        | Got the +2 cloak of Slovenliness {rC+ Str+7 Int-5}
  2135 | D        | Got the +9 plate armour "Dilor" {Dex-4 Slay+5}
  2165 | D        | Noticed a vault guard
  2165 | D        | Noticed a deep elf blademaster
  2174 | D        | Killed a deep elf blademaster
  2175 | D        | Killed a vault guard
  2175 | D        | Reached skill level 10 in Dodging
  2231 | D        | Noticed an emperor scorpion
  2242 | D        | Killed an emperor scorpion
  2242 | D        | Reached XP level 13. HP: 90/122 MP: 16/24
  2321 | D        | Noticed an emperor scorpion
  2321 | D        | Noticed a war gargoyle
  2321 | D        | Noticed a yaktaur captain
  2328 | D        | Killed an emperor scorpion
  2328 | D        | Reached skill level 15 in Invocations
  2329 | D        | Noticed a merfolk javelineer
  2338 | D        | Killed a yaktaur captain
  2344 | D        | Killed a merfolk javelineer
  2359 | D        | Reached skill level 18 in Armour
  2363 | D        | Killed a war gargoyle
  2399 | D        | Got the ring "Ijorph" {+Fly MR++ Int+2}
  2594 | D        | Noticed an ice dragon
  2616 | D        | Noticed Ilsuiw
  2620 | D        | Noticed a balrug
  2629 | D        | Killed a balrug
  2643 | D        | Killed Ilsuiw
  2658 | D        | Killed an ice dragon
  2675 | D        | Got the ring "Lingum" {MP+9 Str+2}
  2683 | D        | Reached skill level 15 in Fighting
  2755 | D        | Got the Volume of Shifting Beguiling
  2880 | D        | Noticed a deep elf master archer
  2881 | D        | Noticed a yellow draconian
  2881 | D        | Noticed a red draconian
  2882 | D        | Noticed a deep elf high priest
  2883 | D        | Noticed a yellow draconian
  2887 | D        | Killed a deep elf master archer
  2887 | D        | Reached skill level 15 in Shields
  2890 | D        | Killed a yellow draconian
  2890 | D        | Reached skill level 19 in Armour
  2892 | D        | Killed a red draconian
  2892 | D        | Reached XP level 14. HP: 77/136 MP: 12/26
  2899 | D        | Killed a yellow draconian
  2911 | D        | Noticed a white draconian
  2911 | D        | Noticed a nagaraja
  2911 | D        | Noticed a red draconian
  2914 | D        | Noticed a black draconian
  2916 | D        | Noticed a deep elf annihilator
  2919 | D        | Noticed a white draconian
  2923 | D        | Noticed a deep elf demonologist
  2924 | D        | Killed a white draconian
  2935 | D        | Killed a ghostly white draconian
  2935 | D        | Killed a red draconian
  2936 | D        | Killed a nagaraja
  2941 | D        | Noticed a Hell Sentinel
  2941 | D        | Killed a black draconian
  2947 | D        | Killed a deep elf demonologist
  2947 | D        | Killed a white draconian
  2948 | D        | Killed a deep elf annihilator
  3012 | D        | Noticed an angel
  3013 | D        | Noticed a deep elf master archer
  3013 | D        | Noticed a lich
  3026 | D        | Killed a lich
  3026 | D        | Reached skill level 20 in Armour
  3029 | D        | Killed an angel
  3031 | D        | Killed a deep elf master archer
  3045 | D        | Noticed a deep elf demonologist
  3053 | D        | Killed a deep elf demonologist
  3054 | D        | Noticed Frances
  3063 | D        | Killed Frances
  3068 | D        | Got the Handbook of Enchanting Darkness
  3069 | D        | Noticed a lich
  3073 | D        | Got Xorrit's Collected Works on the Fetching Traveller
  3079 | D        | Killed a lich
  3081 | D        | Got Wueha's Incunabulum of the Glacier
  3088 | D        | Got the Handbook of Air and Dark Arts
  3095 | D        | Got the Tome of the Traveller and Ice
  3098 | D        | Got the Compendium of Assistive Translocation
  3100 | D        | Got the Collected Works on Venom and Dark Rituals
  3124 | D        | Got the ring of Cofopeun {Ice *Corrode rN+ Str+2 Stlth+}
  3126 | D        | Got the ring "Kihautsu" {Fire rN+}
  3128 | D        | Got the ring "Vutath" {*Corrode MR+ Str+5 Int+4}
  3130 | D        | Got the ring "Docemocs" {+Blink rF++ rN+ Str+2 Int-2}
  3134 | D        | Got the ring of Impatience {AC+6 Int+4}
  3136 | D        | Got the ring "Quafaoc" {-Tele rF++ SInv}
  3138 | D        | Got the ring of the Elephant {Ice Str+5}
  3140 | D        | Got the ring of Puotsetu {rF+ rC- rN++ Dex+6 SInv}
  3142 | D        | Got the ring of Joy {+Blink rF+ rC+ MP+9}
  3144 | D        | Got the ring of the Final Decision {*Slow rF+ rC+ rN+++ MP+9}
  3146 | D        | Got the ring "Wohy" {rPois rF+}
  3148 | D        | Got the ring of Adut {rPois Int+2}
  3150 | D        | Got the ring of Heodgh {rC+ rN+}
  3152 | D        | Got the ring of Liasmenn {rF+ rC+ Dex+2 Stlth+}
  3171 | D        | Got the ring of Jasor {Slay+5 Stlth+}
  3173 | D        | Got the amulet of Sifaudiy {rElec rN+++ Regen+ MP+9 Dex-5}
  3175 | D        | Got the amulet "Denuxu" {RegenMP rN+ Str+5}
  3177 | D        | Got the ring of Jebboyno {rElec MP+9 Slay+5 Stlth+}
  3179 | D        | Got the amulet of Ruitwaink {Spirit MR- Str+8 Dex+5}
  3181 | D        | Got the ring of Ivyekh {rF+++ MR+ Str-4 Slay+5 SInv}
  3183 | D        | Got the ring "Xuol" {rElec Dex-3 Slay+5 Stlth+}
  3185 | D        | Got the ring of Demons {Fire rPois rN+ Str+3 Int+2}
  3190 | D        | Got the amulet of Veull {Inacc MR+}
  3197 | D        | Got the amulet "Sioxu" {Reflect +Blink rElec Slay-4 SH+2 SInv}
  3199 | D        | Got the ring of Xom's Ringing Laughter {-Tele +Inv rElec MR+}
  3201 | D        | Got the amulet "Maekhauj" {Reflect Dex+3 SH+4}
  3204 | D        | Got the amulet of Accord {Spirit +Inv MP+9}
  3207 | D        | Got the amulet of Natzaboo {Spirit Dex+3}
  3256 | D        | Noticed an Ice Fiend
  3264 | D        | Killed an Ice Fiend
  3264 | D        | Reached skill level 1 in Throwing
  3264 | D        | Reached skill level 1 in Spellcasting
  3271 | D        | Noticed an orb of fire
  3637 | D        | Gained mutation: Armour fits poorly on your strangely shaped body. [an orb of fire]
  3654 | D        | Gained mutation: You are dopey. (Int -2) [an orb of fire]
  3657 | D        | Gained mutation: Your magical capacity is low. (-10% MP) [an orb of fire]
  3658 | D        | Gained mutation: You are frail. (-10% HP) [an orb of fire]
  3659 | D        | Killed an orb of fire
  3732 | D        | Noticed a Brimstone Fiend
  3737 | D        | Killed a Brimstone Fiend
  3737 | D        | Reached skill level 21 in Armour
  3737 | D        | Reached XP level 15. HP: 135/135 MP: 26/26
  3741 | D        | Learned a level 2 spell: Swiftness
  3743 | D        | Noticed a Killer Klown
  3750 | D        | Killed a Killer Klown
  3750 | D        | Reached skill level 5 in Throwing
  3762 | D        | Noticed a Tzitzimitl
  3772 | D        | Killed a Tzitzimitl
  3960 | D        | Noticed a deep elf sorcerer
  3960 | D        | Noticed a Tzitzimitl
  3960 | D        | Noticed a fire giant
  3960 | D        | Noticed an Ice Fiend
  3960 | D        | Noticed an acid blob
  3963 | D        | Killed an acid blob
  3963 | D        | Reached skill level 5 in Spellcasting
  3971 | D        | Killed an Ice Fiend
  3972 | D        | Killed a fire giant
  3979 | D        | Killed a Tzitzimitl
  3983 | D        | Killed a deep elf sorcerer
  4225 | D        | Noticed a quicksilver dragon
  4234 | D        | Killed a quicksilver dragon
  4257 | D        | Noticed a balrug
  4261 | D        | Killed a balrug
  4267 | D        | Noticed an ancient lich
  4269 | D        | Noticed an Executioner
  4294 | D        | Killed an ancient lich
  4294 | D        | Reached skill level 15 in Dodging
  4301 | D        | Noticed an orc warlord
  4309 | D        | Killed an orc warlord
  4309 | D        | Reached skill level 22 in Armour
  4342 | D        | Noticed an iron dragon
  4342 | D        | Noticed a shadow dragon
  4342 | D        | Noticed a quicksilver dragon
  4342 | D        | Noticed a shadow dragon
  4342 | D        | Noticed a golden dragon
  4342 | D        | Noticed a quicksilver dragon
  4342 | D        | Noticed a quicksilver dragon
  4342 | D        | Noticed a golden dragon
  4342 | D        | Noticed an iron dragon
  4342 | D        | Noticed a shadow dragon
  4343 | D        | Found the +3 salamander hide armour {+Rage rF++}
  4343 | D        | Noticed a golden dragon
  4345 | D        | Noticed a golden dragon
  4353 | D        | Noticed a golden dragon
  4356 | D        | Noticed a shadow dragon
  4360 | D        | Killed a golden dragon
  4363 | D        | Killed an iron dragon
  4367 | D        | Noticed a shadow dragon
  4369 | D        | Killed a shadow dragon
  4392 | D        | Killed a golden dragon
  4403 | D        | Killed a golden dragon
  4403 | D        | Reached skill level 10 in Throwing
  4411 | D        | Reached XP level 16. HP: 121/150 MP: 12/27
  4421 | D        | Killed a shadow dragon
  4438 | D        | Killed a shadow dragon
  4463 | D        | Reached skill level 23 in Armour
  4481 | D        | Killed a quicksilver dragon
  4483 | D        | Noticed a shadow dragon
  4491 | D        | Killed a shadow dragon
  4493 | D        | Reached skill level 10 in Spellcasting
  4501 | D        | Noticed a golden dragon
  4501 | D        | Noticed a golden dragon
  4548 | D        | Killed a golden dragon
  4939 | D        | Noticed a golden dragon
  4952 | D        | Killed a golden dragon
  4957 | D        | Noticed a golden dragon
  4973 | D        | Killed a golden dragon
  5170 | D        | Noticed a quicksilver dragon
  5287 | D        | Noticed a death cob
  5295 | D        | Reached skill level 24 in Armour
  5312 | D        | Killed a death cob
  5319 | D        | Noticed a profane servitor
  5324 | D        | Noticed a storm dragon
  5383 | D        | Lost mutation: You are frail. (-10% HP) [potion of mutation]
  5383 | D        | Lost mutation: Your magical capacity is low. (-10% MP) [potion of mutation]
  5383 | D        | Lost mutation: Armour fits poorly on your strangely shaped body. [potion of mutation]
  5383 | D        | Gained mutation: You are agile. (Dex +2) [potion of mutation]
  5383 | D        | Gained mutation: You have a pair of small horns on your head. [potion of mutation]
  5383 | D        | Gained mutation: You have sharp toenails. [potion of mutation]
  5384 | D        | Lost mutation: You have a pair of small horns on your head. [potion of mutation]
  5384 | D        | Lost mutation: You are dopey. (Int -2) [potion of mutation]
  5384 | D        | Lost mutation: You have sharp toenails. [potion of mutation]
  5384 | D        | Lost mutation: You are agile. (Dex +2) [potion of mutation]
  5384 | D        | Gained mutation: Armour fits poorly on your strangely shaped body. [potion of mutation]
  5384 | D        | Gained mutation: You are agile. (Dex +2) [potion of mutation]
  5384 | D        | Gained mutation: You are frail. (-10% HP) [potion of mutation]
  5384 | D        | Gained mutation: Your mind is acute. (Int +2) [potion of mutation]
  5411 | D        | Killed a profane servitor
  5479 | D        | Reached XP level 17. HP: 51/162 MP: 7/33
  5725 | D        | Noticed Antaeus
  5726 | D        | Lost mutation: You are frail. (-10% HP) [potion of mutation]
  5726 | D        | Lost mutation: Armour fits poorly on your strangely shaped body. [potion of mutation]
  5726 | D        | Lost mutation: Your mind is acute. (Int +2) [potion of mutation]
  5726 | D        | Lost mutation: You are agile. (Dex +2) [potion of mutation]
  5726 | D        | Gained mutation: You are surrounded by a mild repulsion field. (EV +2) [potion of mutation]
  5726 | D        | Gained mutation: You are partially covered in large bone plates. (SH +4) [potion of mutation]
  5726 | D        | Gained mutation: Your muscles are strong. (Str +2) [potion of mutation]
  5726 | D        | Gained mutation: Your movements are slightly less encumbered by armour. (ER -2) [potion of mutation]
  5884 | D        | Reached skill level 25 in Armour
  6187 | D        | Identified a +7 eudemon blade of holy wrath (a +5 demon blade of flaming blessed by the Shining One)
  6187 | D        | Received a gift from the Shining One
  6204 | D        | The Shining One protects you from harm!
  6206 | D        | HP: 9/182 [Antaeus/bolt of lightning (7)]
  6217 | D        | Annihilated by Antaeus

Vault maps used:
D:        pitsprint

Skill      XL: |  1  2  3  4  5  6  7  8  9 10 11 12 13 14 15 16 17 |
---------------+----------------------------------------------------+-----
Long Blades    | 5 10 11 12 14 | 14.1
Armour         | 7 9 13 14 15 16 17 19 21 22 24 25 | 25.0
Maces & Flails | 3 6 8 10 12 14 | 14.0
Invocations    | 4 7 10 12 14 17 20 | 20.1
Dodging        | 2 4 6 8 10 11 14 15 17 18 | 18.3
Shields        | 5 7 9 11 13 15 | 15.0
Fighting       | 6 8 11 13 15 18 21 23 24 | 24.0
Throwing       | 4 10 13 14 | 14.7
Spellcasting   | 3 8 12 | 12.7

Action                   |  1- 3 |  4- 6 |  7- 9 | 10-12 | 13-15 | 16-18 || total
-------------------------+-------+-------+-------+-------+-------+-------++-------
Melee: Long sword        |     5 |    23 |    58 |   111 |   289 |   169 ||   655
       Falchion          |     2 |    22 |       |       |       |       ||    24
       Scimitar          |       |       |    49 |    52 |     9 |       ||   110
       Morningstar       |       |       |       |       |     8 |    46 ||    54
       Eudemon blade     |       |       |       |       |       |     5 ||     5
Throw: Javelin           |       |       |       |       |       |    15 ||    15
Invok: Summon Divine War |       |       |     1 |    15 |    32 |    14 ||    62
       Cleansing Flame   |       |       |       |       |     7 |     5 ||    12
       Divine Shield     |       |       |       |       |       |     1 ||     1
       Brand Weapon With |       |       |       |       |       |     1 ||     1
  Use: Potion            |       |       |     8 |     5 |    16 |    16 ||    45
       Scroll            |       |       |       |       |       |     5 ||     5
  Eat: Chunk             |       |       |       |     4 |    12 |     6 ||    22
       Ration            |       |       |       |     1 |     1 |     1 ||     3
Armor: Scale mail        |     1 |     9 |     9 |       |       |       ||    19
       Plate armour      |       |       |    21 |    61 |   120 |    95 ||   297
Dodge: Dodged            |     1 |     9 |    13 |    31 |    96 |   114 ||   264
Block: Shield            |     3 |     9 |    31 |    68 |   182 |   154 ||   447
       Reflection        |       |       |       |       |     1 |     8 ||     9
       Rpst.: Falchion   |       |     1 |       |       |       |       ||     1
       Long sword        |       |       |     3 |     4 |    17 |     8 ||    32
       Scimitar          |       |       |     2 |     1 |     1 |       ||     4

Table legend:
 A = Spawn XP
 B = Non-spawn XP
 C = Spawn XP percentage of total XP
 D = Spawn monster count
 E = Non-spawn monster count
 F = Spawn count percentage of total count
 G = Total turns spent on level
                    A         B        C        D         E        F      G
               +---------+---------+-------+---------+---------+-------+---------
         Total |       0 |  195367 |   0.0 |       0 |     307 |   0.0 |  6217
               +---------+---------+-------+---------+---------+-------+---------
             D |       0 |  195367 |   0.0 |       0 |     307 |   0.0 |  6217
               +---------+---------+-------+---------+---------+-------+---------
